 Dungeon Crawl Stone Soup version 0.28.0-53-g5a82cb258f (webtiles) character file.

Game seed: 13688434462793485057

114151 MalarOregon the Bludgeoner (level 16, -11/146 HPs)
             Began as a Palentonga Gladiator on June 11, 2022.
             Was the Champion of the Shining One.
             Mangled by an emperor scorpion simulacrum (19 damage)
             ... on level 2 of the Spider Nest.
             The game lasted 01:20:10 (34442 turns).

MalarOregon the Bludgeoner (Palentonga Gladiator)  Turns: 34442, Time: 01:20:11

Health: -11/146    AC: 35    Str: 22    XL:     16   Next: 15%
Magic:  25/25      EV: 10    Int: 11    God:    the Shining One [******]
Gold:   1926       SH:  0    Dex: 13    Spells: 15/15 levels left

rFire   + + .      SeeInvis +   a - +7 great mace (flame)
rCold   + . .      Faith    .   (shield currently unavailable)
rNeg    + + +      Spirit   .   D - +5 scale mail of the Sea {rElec rF+}
rPois   +          Reflect  .   c - +2 helmet
rElec   +          Harm     .   J - scarf {rC+ rF+}
rCorr   .          Rampage  .   H - +2 pair of gloves
Will    ++...                   F - +2 barding
Stlth   ..........              M - amulet of the acrobat
HPRegen 0.34/turn               k - ring of poison resistance
MPRegen 0.19/turn               S - ring of willpower

@: about to teleport, spiked, slowed, glowing, curled up, very slow
A: large, rugged brown scales 3, see invisible, deformed body, roll 1, armoured
tail, reflexive curl
a: Rolling Charge, Renounce Religion, Divine Shield, Cleansing Flame, Summon
Divine Warrior


You were on level 2 of the Spider Nest.
You worshipped the Shining One.
The Shining One was exalted by your worship.
You visited 5 branches of the dungeon, and saw 26 of its levels.
You also visited: Volcano.

You collected 2257 gold pieces.
You spent 331 gold pieces at shops.


Innate Abilities, Weirdness & Mutations

You are completely covered in rugged brown scales. (AC +3, +7% HP)
You have supernaturally acute eyesight. (SInv)
Armour fits poorly on your strangely shaped body.
You can roll at nearby foes to attack.
You have a long armoured tail.
You curl defensively after being hit. (AC +7*)


   Skills:
 + Level 15.7 Fighting
 + Level 15.8 Maces & Flails
 - Level 1.3 Throwing
 + Level 10.6 Armour
 + Level 10.9 Dodging
 + Level 12.3 Invocations
 + Level 7.4 Evocations


You had 15 spell levels left.
You didn't know any spells.
Your spell library contained the following spells:

 Spells                   Type           Power      Damage    Failure   Level
 Foxfire                  Conj/Fire      0%         2x1d4     61%         1
 Magic Dart               Conj           0%         1d3       61%         1
 Blink                    Tloc           0%         N/A       75%         2
 Call Imp                 Summ           0%         N/A       75%         2
 Corpse Rot               Necr/Air       0%         N/A       75%         2
 Ensorcelled Hibernation  Hex/Ice        0%         N/A       75%         2
 Poisonous Vapours        Pois/Air       0%         N/A       75%         2
 Sublimation of Blood     Necr           0%         N/A       75%         2
 Wereblood                Tmut           0%         N/A       75%         2
 Conjure Flame            Conj/Fire      0%         6-21      93%         3
 Frozen Ramparts          Ice            0%         1d2       93%         3
 Ignite Poison            Fire/Tmut/Pois 0%         N/A       93%         3
 Inner Flame              Hex/Fire       0%         N/A       93%         3
 Mephitic Cloud           Conj/Pois/Air  0%         N/A       93%         3
 Portal Projectile        Hex/Tloc       0%         N/A       93%         3
 Spider Form              Tmut/Pois      0%         N/A       93%         3
 Stone Arrow              Conj/Erth      0%         3d7       93%         3
 Tukima's Dance           Hex            0%         N/A       93%         3
 Airstrike                Air            0%         N/A       100%        4
 Anguish                  Hex/Necr       0%         N/A       100%        4
 Animate Armour           Summ/Erth      0%         N/A       100%        4
 Flame Wave               Conj/Fire      0%         2d4       100%        4
 Ice Form                 Ice/Tmut       0%         N/A       100%        4
 Olgreb's Toxic Radiance  Pois           0%         N/A       100%        4
 Passage of Golubria      Tloc           0%         N/A       100%        4
 Petrify                  Tmut/Erth      0%         N/A       100%        4
 Summon Ice Beast         Ice/Summ       0%         N/A       100%        4
 Summon Lightning Spire   Summ/Air       0%         N/A       100%        4
 Blade Hands              Tmut           0%         N/A       100%        5
 Excruciating Wounds      Necr           0%         N/A       100%        5
 Freezing Cloud           Conj/Ice/Air   0%         6-21      100%        5
 Irradiate                Conj/Tmut      0%         3d13      100%        5
 Iskenderun's Battlesphe  Conj           0%         2d6       100%        5
 Lightning Bolt           Conj/Air       0%         1d11      100%        5
 Manifold Assault         Tloc           0%         N/A       100%        5
 Yara's Violent Unravell  Hex/Tmut       0%         3d3       100%        5
 Conjure Ball Lightning   Conj/Air       0%         3x3d6     100%        6
 Eringya's Noxious Bog    Tmut/Pois      0%         N/A       100%        6
 Iron Shot                Conj/Erth      0%         9d1       100%        6
 Simulacrum               Ice/Necr       0%         N/A       100%        6
 Spellforged Servitor     Conj/Summ      0%         N/A       100%        7
 Storm Form               Tmut/Air       0%         N/A       100%        7
 Summon Hydra             Summ           0%         N/A       100%        7
 Discord                  Hex            0%         N/A       100%        8
 Disjunction              Tloc           0%         N/A       100%        8
 Lehudib's Crystal Spear  Conj/Erth      0%         10d2      100%        8
 Polar Vortex             Ice            0%         N/A       100%        9

Inventory:

Hand Weapons
 a - a +7 great mace of flaming (weapon)
   (You found it in a volcano)
 b - a +6 flail of freezing
   (You took it off a wight on level 8 of the Dungeon)
 X - a +4 sacred scourge of holy wrath (the Shining One gifted it to you on level 1 of the Spider Nest)
 Y - a +0 hand axe of flaming
   (You took it off a meliai on level 15 of the Dungeon)
Missiles
 r - 3 throwing nets {!f}
 C - 28 poisoned darts (quivered)
 K - 6 curare-tipped darts {!f}
Armour
 c - a +2 helmet (worn)
 D - the +5 scale mail of the Sea (worn) {rElec rF+}
   (You found it on level 6 of the Dungeon)

   rF:        It protects you from fire.
   rElec:     It insulates you from electricity.
 F - a +2 barding (worn)
   (You took it off Nessos on level 2 of the Orcish Mines)
 H - a +2 pair of gloves (worn)
   (You found it on level 5 of the Dungeon)
 J - a scarf of resistance (worn)
   (You found it on level 8 of the Dungeon)
 N - a +3 leather armour of cold resistance
   (You took it off Joseph on level 1 of the Lair of Beasts)
Jewellery
 f - a +6 ring of strength
   (You found it on level 5 of the Dungeon)
 h - a ring of ice
   (You found it on level 1 of the Dungeon)
 k - a ring of poison resistance (left hand)
   (You found it on level 15 of the Dungeon)
 o - a ring of protection from cold
   (You found it on level 2 of the Lair of Beasts)
 B - a ring of fire
   (You found it on level 5 of the Dungeon)
 M - an amulet of the acrobat (around neck)
   (You found it on level 4 of the Lair of Beasts)
 S - a ring of willpower (right hand)
   (You found it on level 3 of the Lair of Beasts)
Wands
 d - a wand of iceblast (25)
   (You found it on level 4 of the Dungeon)
 i - a wand of charming (3)
   (You found it on level 12 of the Dungeon)
 p - a wand of polymorph (20)
   (You found it on level 3 of the Dungeon)
 t - a wand of flame (8)
   (You found it on level 3 of the Lair of Beasts)
 u - a wand of paralysis (16)
   (You took it off Erica on level 9 of the Dungeon)
 v - a wand of digging (8)
   (You found it on level 1 of the Spider Nest)
 x - a wand of acid (7)
   (You found it on level 3 of the Dungeon)
 R - a wand of mindburst (18)
   (You found it on level 3 of the Lair of Beasts)
Scrolls
 e - a scroll of brand weapon {unknown}
 n - 2 scrolls of silence
 q - 2 scrolls of noise {!r}
 s - 6 scrolls of vulnerability {!r}
 y - 15 scrolls of teleportation {@r4}
 G - a scroll of blinking {unknown}
 I - 4 scrolls of immolation {!r}
 L - a scroll of identify {@r1}
 O - a scroll of magic mapping
 Q - a scroll of summoning {unknown}
 T - 4 scrolls of fog {unknown}
 U - a scroll of fear {unknown}
Potions
 g - 11 potions of curing {@q1}
 j - 6 potions of mutation {!q}
 l - a potion of lignification {!q}
 m - 5 potions of heal wounds {@q2}
 w - 5 potions of haste {@q3}
 z - a potion of might
 A - 2 potions of flight
 E - 2 potions of magic
 P - 2 potions of resistance
 V - 2 potions of brilliance
Miscellaneous
 W - a tin of tremorstones (inert)
   (You found it on level 12 of the Dungeon)

Dungeon Overview and Level Annotations

Branches:
Dungeon (15/15)            Temple (1/1) D:6            Lair (6/6) D:8
  Swamp (0/4) Lair:4       Spider (2/4) Lair:4        Slime (0/5) Lair:6
    Orc (2/2) D:11            Elf (0/3) Orc:2        Vaults (0/5) D:14
 Depths (0/4) D:15        Volcano (visited)

Altars:
Ashenzari
Cheibriados
Dithmenos
Elyvilon
Fedhas
Gozag
Hepliaklqana
Makhleb
Nemelex Xobeh
Okawaru
Qazlal
Sif Muna
Uskayaw
Vehumet
Xom
Yredelemnul
Zin
The Shining One
Beogh

Shops:
Orc:2

[:*( .°.#.. # .
#.#..##.#.^. ##
##s##ZZ...##
....###†ssH^s....###
........#######....
.....##.......##.#.
.### #...s....s>#
#..#####Z.#.(#
##..##.@H.#
##.##..w###
#..#..##. #..#.. .#
#..#. .#..
#..#.#.###.
#..#...## .
##.#....## ##
#..#^#.[.#.^ .


You could see a jorogumo, a steelbarb worm, a tarantella and an emperor scorpion
simulacrum.


Message History

The jorogumo stares at you and mumbles some strange words.
The stream of webbing hits you but does no damage.
You are even more entangled.
Your culicivora simulacrum misses the jumping spider.
Unknown command.
You feel much better.
The jumping spider pounces on you but does no damage.
The jumping spider bites you.
Your culicivora simulacrum barely misses the jumping spider.
The jorogumo hits you.
* * * LOW HITPOINT WARNING * * *
You suddenly lose the ability to move!
The jumping spider pounces on you but does no damage.
The jumping spider bites you but does no damage.
The emperor scorpion simulacrum hits you but does no damage.
The emperor scorpion simulacrum claws you but does no damage. x2
You can move again.
Activating: Cleansing Flame (1% risk of failure)
Press: ? - help, Dir - look around, f - activate Really harm near your ally the culicivora simulacrum?
This attack would place you under penance!
Okay, then.
Activating: Cleansing Flame (1% risk of failure)
Press: ? - help, Dir - look around, f - activate Look: a jorogumo (lightly wounded, soul bound, haloed)
Okay, then.
Aiming: Charm
Press: ? - help, Shift-Dir - straight line, f - emperor scorpion simulacrum
Aim: an emperor scorpion simulacrum (haloed, chance to affect: 68%)
The emperor scorpion simulacrum is charmed.
Your surroundings suddenly seem different.
You hear an angry hiss.
Found 13 stones.
A tarantella is nearby!
A tarantella comes into view.
The tarantella hisses angrily.
The tarantella's soul is no longer bound.
A steelbarb worm comes into view.
You are too injured to fight recklessly!
You bludgeon the tarantella!! You burn the tarantella!
You kill the tarantella!
The jorogumo casts a spell at you.
The stream of webbing hits you but does no damage.
You are caught in a web!
You struggle to detach yourself from the web.
The steelbarb worm hits you but does no damage.
The jorogumo stares at you and mumbles some strange words.
The stream of webbing hits you but does no damage.
You are even more entangled.
The steelbarb worm hits you but does no damage.
The web tears apart.
The tarantella touches you.
* * * LOW HITPOINT WARNING * * *
The steelbarb worm closely misses you.
You bludgeon the tarantella!! You burn the tarantella!
You kill the tarantella!
You hear an angry hiss.
You hear a hideous shriek!
The steelbarb worm hits you.
* * * LOW HITPOINT WARNING * * *
Barbed spikes become lodged in your body.
You hit the steelbarb worm but do no damage.
You tail-slap the steelbarb worm, but do no damage.
The jorogumo hits you but does no damage.
The steelbarb worm hits you but does no damage.
You sock the jumping spider! You burn the jumping spider!
You kill the jumping spider!
The jorogumo hits you but does no damage.
The steelbarb worm barely misses you.
Press: ? - help, v - describe, . - travel
Here: a jorogumo (haloed)
The floor.
You hit the jorogumo but do no damage. The jorogumo hits you!
* * * LOW HITPOINT WARNING * * *
You feel yourself slow down. The steelbarb worm hits you!
* * * LOW HITPOINT WARNING * * *
Barbed spikes become lodged in your body.
The jorogumo closely misses you.
You hit the jorogumo but do no damage. The steelbarb worm hits you.
* * * LOW HITPOINT WARNING * * *
Barbed spikes become lodged in your body.
The jorogumo hits you but does no damage.
The steelbarb worm hits you!
* * * LOW HITPOINT WARNING * * *
Barbed spikes become lodged in your body.
As you read the scroll of teleportation {@r4}, it crumbles to dust.
You feel strangely unstable.
You feel yourself speed up. The jorogumo hits you.
* * * LOW HITPOINT WARNING * * *
You feel yourself slow down.
The emperor scorpion simulacrum hits you.
* * * LOW HITPOINT WARNING * * *
The emperor scorpion simulacrum freezes you!
You resist.
* * * LOW HITPOINT WARNING * * *
The emperor scorpion simulacrum barely misses you.
The emperor scorpion simulacrum claws you.
* * * LOW HITPOINT WARNING * * *
The emperor scorpion simulacrum freezes you!!
You resist.
You die...

Skill      XL: |  1  2  3  4  5  6  7  8  9 10 11 12 13 14 15 |
---------------+----------------------------------------------+-----
Armour         | 1 2 3 4 5 6 7 8 9 10 | 10.6
Maces & Flails | 4 5 6 8 9 10 12 13 14 15 | 15.8
Dodging        | 3 4 5 6 7 8 9 10 | 10.9
Fighting       | 3 4 6 8 9 11 12 14 15 | 15.7
Invocations    | 3 5 6 8 9 11 12 | 12.3
Evocations     | 3 5 7 |  7.4
Throwing       | |  1.3

Action                   |  1- 3 |  4- 6 |  7- 9 | 10-12 | 13-15 | 16-18 || total
-------------------------+-------+-------+-------+-------+-------+-------++-------
Melee: Flail             |    78 |   177 |   227 |   461 |   370 |       ||  1313
       Tailslap          |     3 |    25 |    56 |   102 |   230 |    13 ||   429
       Punch             |       |     4 |     2 |    10 |     8 |       ||    24
       Unarmed           |       |     2 |       |       |       |       ||     2
       Mace              |       |       |    93 |       |       |       ||    93
       Great mace        |       |       |       |    30 |   643 |    66 ||   739
       Dagger            |       |       |       |     3 |       |       ||     3
Throw: Throwing net      |       |     1 |       |     1 |       |       ||     2
       Dart              |       |       |     8 |    14 |       |       ||    22
Invok: Divine Shield     |       |       |       |     6 |     2 |       ||     8
       Summon Divine War |       |       |       |       |     1 |       ||     1
       Brand Weapon With |       |       |       |       |       |     1 ||     1
 Abil: Rolling Charge    |       |    13 |     6 |    20 |    63 |     1 ||   103
Evoke: Wand              |       |     1 |     3 |     1 |     1 |     2 ||     8
       Tin of tremorston |       |       |       |       |     4 |       ||     4
  Use: Scroll            |       |     4 |     3 |    10 |    16 |     2 ||    35
       Potion            |       |     2 |       |     1 |     1 |     1 ||     5
Armor: Leather armour    |     5 |       |       |       |       |       ||     5
       Chain mail        |    34 |    84 |   138 |       |       |       ||   256
       Skin              |       |     9 |       |       |       |       ||     9
       Scale mail        |       |       |    95 |   193 |   597 |    95 ||   980
Dodge: Dodged            |    29 |    54 |   170 |   283 |   651 |    55 ||  1242
Block: Other             |       |       |       |    18 |     6 |       ||    24

Levels and vault maps discovered:
D:1:      psy_arrival_radial01, layout_loops_corners,
          hellmonk_ecumenical_altar_inner_sanctum
D:2:      layout_rooms, basic_altar, minmay_misc_feat_encased, uniq_natasha
D:3:      layout_basic, uniq_terence, uniq_jessica
D:4:      layout_basic, kennysheep_decorative_pillar, uniq_duvessa
D:5:      layout_basic, minmay_manual_mail
D:6:      layout_cave_pods, nicolae_hepliaklqana_hazy_memory, temple_statues,
          serial_bayou_pond_d
D:7:      layout_cave_pools, mainiacjoe_overflow_brackets,
          mainiacjoe_overflow_cross_hatched
D:8:      layout_loops_ring, lair_entry_dummy
D:9:      layout_roguey, mainiacjoe_overflow_small_starburst,
          kennysheep_generic_room_2, uniq_erica
D:10:     layout_rooms
D:11:     layout_loops_ring, orc_0_dummy, minmay_mirror_moons_of_madness,
          uniq_nergalle
D:12:     layout_irregular_city, grunt_ministairs_2,
          nicolae_ashenzari_panopticon
D:13:     layout_gridville
D:14:     kennysheep_funnel, layout_irregular_city, erik_vaults_2,
          serial_column_ruins, column_ruins_hut, column_ruins_corridor_T,
          column_ruins_open_large, column_ruins_open_small,
          column_ruins_columns_corner, column_ruins_grid_3
D:15:     gammafunk_enter_depths_forms, layout_irregular_city, minivault_19,
          grunt_dithmenos_shadows, uniq_louise
Temple:   dpeg_five_rooms_temple
Lair:1:   layout_loops_ring, nicolae_volcano_entry_lava_flow, uniq_joseph
Lair:2:   layout_chaotic_city, grunt_megastairs_2, lemuel_fruit_fields
Lair:3:   dragon1_lemuel, layout_gridlike
Lair:4:   layout_roguey, nicolae_swamp_entry_splash_gauntlet,
          spider_nest_entry_a, st_stairs_11, cheibrodos_lair_reptile_den
Lair:5:   layout_gridlike, infiniplex_staircase_pool, uniq_sonja
Lair:6:   minmay_lair_end_frog_pond, layout_regular_city,
          nicolae_slime_entry_slimehenge, amcnicky_mini_pool_medium
Spider:1: layout_spider_delve, uniq_asterion, uniq_aizul
Spider:2: nicolae_spider_hilbert_zone_4 [nicolae_spider_hilbert_4_sides_2_open,
          nicolae_spider_hilbert_4_sides_1_open,
          nicolae_spider_hilbert_4_sides_1_open,
          nicolae_spider_hilbert_4_sides_1_open,
          nicolae_spider_hilbert_4_sides_1_open,
          nicolae_spider_hilbert_2_sides_1_open,
          nicolae_spider_hilbert_2_sides_1_open,
          nicolae_spider_hilbert_2_sides_1_open,
          nicolae_spider_hilbert_2_sides_1_open,
          nicolae_spider_hilbert_6_sides_1_open,
          nicolae_spider_hilbert_6_sides_1_open,
          nicolae_spider_hilbert_3_sides_1_open,
          nicolae_spider_hilbert_3_sides_1_open], uniq_arachne
Orc:1:    layout_caves
Orc:2:    grunt_orc_cross, layout_caves, uniq_nessos, uniq_snorg

Notes
Turn   | Place    | Note
-------+----------+-------------------------------------------
     0 | D:1      | MalarOregon the Palentonga Gladiator began the quest for
                  | the Orb.
     0 | D:1      | Reached XP level 1. HP: 17/17 MP: 1/1
   499 | D:1      | Reached XP level 2. HP: 19/23 MP: 2/2
  1195 | D:1      | Reached XP level 3. HP: 29/29 MP: 3/3
  1225 | D:1      | You add the spells Poisonous Vapours, Mephitic Cloud,
                  | Ignite Poison, Olgreb's Toxic Radiance and Eringya's
                  | Noxious Bog to your library.
  1225 | D:1      | Got the Almanac of Venom
  1307 | D:1      | Found a faded altar of an unknown god.
  1515 | D:1      | Reached skill level 1 in Armour
  1853 | D:1      | Reached XP level 4. HP: 33/36 MP: 4/4
  2047 | D:2      | Reached skill level 4 in Maces & Flails
  2064 | D:2      | Reached skill level 3 in Dodging
  2132 | D:2      | Noticed Natasha
  2202 | D:2      | Killed Natasha
  2203 | D:2      | Reached XP level 5. HP: 42/42 MP: 5/5
  2423 | D:2      | Reached skill level 3 in Fighting
  2433 | D:2      | Found a sparkling altar of Nemelex Xobeh.
  2591 | D:2      | Noticed Natasha
  2595 | D:2      | Killed Natasha
  2646 | D:2      | Noticed Natasha
  2651 | D:2      | Killed Natasha
  3116 | D:3      | Noticed Terence
  3118 | D:3      | Noticed Jessica
  3126 | D:3      | Killed Terence
  3127 | D:3      | Reached XP level 6. HP: 29/50 MP: 6/6
  3134 | D:3      | Killed Jessica
  3135 | D:3      | Reached skill level 5 in Maces & Flails
  3135 | D:3      | Reached skill level 2 in Armour
  3945 | D:4      | You pick up a book of Flames and begin reading...
  3945 | D:4      | You add the spells Foxfire, Conjure Flame, Inner Flame and
                  | Flame Wave to your library.
  4280 | D:4      | Noticed Dowan
  4281 | D:4      | Noticed Duvessa
  4305 | D:4      | Killed Duvessa
  4318 | D:4      | Killed Dowan
  4541 | D:4      | You fall into a shaft and drop 1 floor!
  4541 | D:5      | Entered Level 5 of the Dungeon
  4541 | D:5      | Noticed a water moccasin
  4555 | D:5      | Killed a water moccasin
  4556 | D:5      | Gained mutation: You curl defensively after being hit. (AC
                  | +7*) [Palentonga growth]
  4556 | D:5      | Reached XP level 7. HP: 56/56 MP: 7/7
  4684 | D:5      | Reached skill level 4 in Fighting
  4689 | D:5      | Reached skill level 6 in Maces & Flails
  4695 | D:5      | HP: 14/57 [poisoned by a scorpion]
  5230 | D:5      | Reached skill level 4 in Dodging
  5599 | D:5      | Reached skill level 3 in Armour
  5649 | D:5      | Reached XP level 8. HP: 30/65 MP: 8/8
  5660 | D:5      | Reached skill level 5 in Fighting
  6528 | D:6      | Reached skill level 7 in Maces & Flails
  6604 | D:6      | Found a hazy altar of Hepliaklqana.
  7065 | D:6      | Reached skill level 6 in Fighting
  7147 | D:6      | Identified the +5 scale mail of the Sea {rElec rF+}
  7256 | D:6      | Reached skill level 4 in Armour
  7362 | D:6      | Reached skill level 8 in Maces & Flails
  7362 | D:6      | Reached skill level 5 in Dodging
  7591 | D:6      | You add the spells Tukima's Dance, Passage of Golubria and
                  | Yara's Violent Unravelling to your library.
  7643 | D:6      | Reached XP level 9. HP: 70/75 MP: 9/9
  7760 | D:6      | Found a staircase to the Ecumenical Temple.
  7768 | Temple   | Entered the Ecumenical Temple
  7886 | Temple   | Became a worshipper of the Shining One
  8241 | D:7      | Identified the +11 long sword "Dyozabb" {vorpal, rElec
                  | Int+3 Dex+3}
  8419 | D:7      | Reached skill level 7 in Fighting
  8419 | D:7      | Reached skill level 1 in Invocations
  8707 | D:7      | Reached * piety under the Shining One
  8746 | D:7      | Found a basalt altar of Yredelemnul.
  8868 | D:7      | Reached skill level 2 in Invocations
  9000 | D:7      | Found a shadowy altar of Dithmenos.
  9314 | D:8      | Reached skill level 9 in Maces & Flails
  9881 | D:8      | Reached ** piety under the Shining One
  9886 | D:8      | Reached skill level 8 in Fighting
  9920 | D:8      | Reached skill level 3 in Invocations
 10050 | D:8      | You pick up a book of Alchemy and begin reading...
 10050 | D:8      | You add the spells Sublimation of Blood, Petrify and
                  | Irradiate to your library.
 10071 | D:8      | You pick up a book of Minor Magic and begin reading...
 10071 | D:8      | You add the spells Magic Dart and Call Imp to your library.
 10303 | D:8      | Found a staircase to the Lair.
 10385 | D:9      | Reached skill level 5 in Armour
 10672 | D:9      | Reached XP level 10. HP: 62/85 MP: 12/12
 10780 | D:9      | Found a sparkling altar of Nemelex Xobeh.
 10813 | D:9      | Noticed Erica
 10846 | D:9      | Killed Erica
 10847 | D:9      | Reached skill level 6 in Dodging
 11373 | D:10     | Entered Level 10 of the Dungeon
 11391 | D:10     | Reached skill level 4 in Invocations
 11576 | D:10     | Noticed a boulder beetle
 11580 | D:10     | Reached skill level 9 in Fighting
 11580 | D:10     | Reached skill level 10 in Maces & Flails
 11596 | D:10     | HP: 5/88 [boulder beetle (23)]
 11597 | D:10     | Killed a boulder beetle
 11964 | D:10     | You pick up a book of Blood and begin reading...
 11964 | D:10     | You add the spells Wereblood and Summon Hydra to your
                  | library.
 12094 | D:11     | Noticed a manticore
 12102 | D:11     | Noticed a cyclops
 12103 | D:11     | Noticed a centaur warrior
 12103 | D:11     | Noticed a two-headed ogre
 12108 | D:11     | Killed a manticore
 12163 | Lair:1   | Entered Level 1 of the Lair of Beasts
 12167 | Lair:1   | Noticed a cane toad
 12171 | Lair:1   | Killed a cane toad
 12205 | Lair:1   | Noticed a cane toad
 12215 | Lair:1   | Killed a cane toad
 12222 | Lair:1   | Reached skill level 5 in Invocations
 12223 | Lair:1   | Found a dark tunnel.
 12440 | Volcano  | Entered a volcano
 12509 | Volcano  | Reached *** piety under the Shining One
 12510 | Volcano  | Noticed a gargoyle
 12514 | Volcano  | Noticed a gargoyle
 12523 | Volcano  | Killed a gargoyle
 12525 | Volcano  | Reached XP level 11. HP: 68/96 MP: 10/14
 12531 | Volcano  | Reached skill level 10 in Fighting
 12531 | Volcano  | Reached skill level 6 in Armour
 12538 | Volcano  | Reached skill level 11 in Maces & Flails
 12611 | Volcano  | Noticed a skeletal warrior
 12621 | Volcano  | Killed a skeletal warrior
 12785 | Volcano  | Noticed a skeletal warrior
 12791 | Volcano  | Killed a skeletal warrior
 12827 | Volcano  | Reached skill level 6 in Invocations
 13103 | Volcano  | Reached skill level 7 in Dodging
 13416 | Lair:1   | Noticed Joseph
 13427 | Lair:1   | Killed Joseph
 13439 | Lair:1   | You pick up a book of Rime and begin reading...
 13439 | Lair:1   | You add the spells Frozen Ramparts, Ice Form and Summon Ice
                  | Beast to your library.
 14534 | Lair:2   | Reached skill level 11 in Fighting
 14727 | Lair:2   | Reached skill level 12 in Maces & Flails
 14796 | Lair:2   | Noticed a four-headed hydra
 14804 | Lair:2   | Killed a four-headed hydra
 14908 | Lair:2   | Noticed a six-headed hydra
 14916 | Lair:2   | Killed a six-headed hydra
 14927 | Lair:2   | Reached XP level 12. HP: 75/107 MP: 15/17
 15113 | Lair:2   | You add the spells Blink, Manifold Assault and Storm Form
                  | to your library.
 15133 | Lair:2   | Reached skill level 7 in Invocations
 15496 | Lair:2   | Reached skill level 7 in Armour
 15913 | Lair:3   | Identified the +1 robe of Hetsora {rC+ rCorr Stlth-}
 15967 | Lair:3   | You pick up a book of Chaos and begin reading...
 15967 | Lair:3   | You add the spells Conjure Ball Lightning, Disjunction and
                  | Discord to your library.
 16230 | Lair:3   | Noticed an eight-headed hydra
 16235 | Lair:3   | Killed an eight-headed hydra
 16379 | Lair:3   | Reached skill level 12 in Fighting
 16923 | Lair:3   | Noticed an ice dragon
 16938 | Lair:3   | Killed an ice dragon
 16939 | Lair:3   | Reached skill level 13 in Maces & Flails
 17134 | Lair:3   | Identified the ring of Harmony {MP+9 Int+2 Dex+4 Stlth+}
 17141 | Lair:3   | You pick up a book of Ice and begin reading...
 17141 | Lair:3   | You add the spells Freezing Cloud, Simulacrum and Polar
                  | Vortex to your library.
 17249 | Lair:4   | Noticed a death yak
 17270 | Lair:3   | Killed a death yak
 17271 | Lair:3   | Reached skill level 8 in Dodging
 17324 | Lair:4   | You pick up a book of Dreams and begin reading...
 17324 | Lair:4   | You add the spells Ensorcelled Hibernation, Spider Form and
                  | Anguish to your library.
 17429 | Lair:4   | Reached skill level 8 in Invocations
 17565 | Lair:4   | Reached **** piety under the Shining One
 17581 | Lair:4   | Noticed a death yak
 18146 | Lair:4   | Found a staircase to the Swamp.
 18154 | Lair:4   | Reached XP level 13. HP: 116/116 MP: 19/19
 18478 | Lair:4   | Found a hole to the Spider Nest.
 19149 | Lair:5   | Reached skill level 13 in Fighting
 19165 | Lair:5   | Reached skill level 8 in Armour
 19386 | Lair:5   | Noticed Sonja
 19396 | Lair:5   | Killed Sonja
 19397 | Lair:5   | Reached skill level 14 in Maces & Flails
 19687 | Lair:5   | You pick up a book of Weapons and begin reading...
 19687 | Lair:5   | You add the spells Portal Projectile, Excruciating Wounds
                  | and Blade Hands to your library.
 19871 | Lair:5   | Reached skill level 1 in Evocations
 20086 | Lair:6   | Entered Level 6 of the Lair of Beasts
 20094 | Lair:6   | Reached skill level 9 in Invocations
 20098 | Lair:6   | Found a staircase to the Slime Pits.
 20301 | Lair:6   | Reached ***** piety under the Shining One
 20317 | Lair:6   | Reached skill level 2 in Evocations
 20611 | Lair:6   | You pick up a book of Minor Magic and begin reading...
 20625 | Lair:6   | Reached skill level 9 in Dodging
 20728 | Lair:6   | Reached skill level 3 in Evocations
 20796 | Lair:6   | You pick up a book of Armaments and begin reading...
 20796 | Lair:6   | You add the spells Stone Arrow, Animate Armour and
                  | Lehudib's Crystal Spear to your library.
 20831 | Lair:6   | Reached skill level 14 in Fighting
 21225 | Lair:6   | Reached XP level 14. HP: 86/128 MP: 21/21
 21469 | Lair:6   | Reached skill level 10 in Invocations
 22356 | D:11     | Reached skill level 9 in Armour
 22359 | D:11     | Reached skill level 4 in Evocations
 22635 | D:11     | Noticed Nergalle
 22641 | D:11     | Killed Nergalle
 22657 | D:11     | You pick up a book of Storms and begin reading...
 22657 | D:11     | You add the spells Airstrike, Summon Lightning Spire and
                  | Lightning Bolt to your library.
 22718 | D:11     | Found a staircase to the Orcish Mines.
 23076 | D:11     | Identified the amulet of Roiggyit {RegenMP Harm rF- rC+
                  | Dex+3}
 23338 | D:12     | Identified the +3 chain mail "Yrod" {-Cast Rampage Will+}
 23362 | D:12     | Found a broken altar of Ashenzari.
 24588 | D:13     | You pick up a book of Vapours and begin reading...
 25001 | D:14     | Found a gate to the Vaults.
 25032 | D:14     | Reached skill level 5 in Evocations
 25341 | D:14     | Reached skill level 15 in Maces & Flails
 25946 | D:15     | Entered Level 15 of the Dungeon
 25948 | D:15     | Noticed Louise
 25964 | D:15     | Killed Louise
 26430 | D:15     | Reached ****** piety under the Shining One
 26524 | D:15     | Reached skill level 15 in Fighting
 26524 | D:15     | Reached skill level 11 in Invocations
 26613 | D:15     | Reached skill level 10 in Dodging
 26613 | D:15     | Reached XP level 15. HP: 114/138 MP: 23/23
 26984 | D:15     | Found a staircase to the Depths.
 27209 | D:15     | Identified the +2 robe "Ivoasmok" {Str+4 Stlth-}
 27744 | D:15     | Reached skill level 6 in Evocations
 27750 | D:15     | Identified the +6 long sword "Zicaok" {freeze, rElec rF+
                  | rN+ Str-2}
 28063 | D:15     | Found a shadowy altar of Dithmenos.
 28208 | Orc:1    | Entered Level 1 of the Orcish Mines
 28476 | Orc:2    | Entered Level 2 of the Orcish Mines
 28555 | Orc:2    | Noticed Snorg
 28583 | Orc:2    | Noticed an orc warlord
 29290 | Orc:2    | Killed an orc warlord
 29291 | Orc:2    | Reached skill level 10 in Armour
 29368 | Orc:2    | Found a staircase to the Elven Halls.
 29399 | Orc:2    | Noticed Nessos
 29403 | Orc:2    | Killed Nessos
 29449 | Orc:2    | Killed Snorg
 29466 | Orc:2    | Found Mymujuc's Antique Weapon Boutique.
 29499 | Orc:2    | Found Quplev's Book Boutique.
 29509 | Orc:2    | Found Inuri Hea's General Store.
 29516 | Orc:2    | Bought a scroll of magic mapping for 45 gold pieces
 29516 | Orc:2    | Bought a scroll of teleportation for 39 gold pieces
 29516 | Orc:2    | Bought a scroll of teleportation for 39 gold pieces
 29516 | Orc:2    | Bought a wand of acid (4) for 208 gold pieces
 29957 | Orc:2    | Found Pycsih's Antique Armour Boutique.
 30256 | Orc:1    | HP: 32/138 [orc priest/divine providence (9)]
 30683 | Orc:1    | Noticed an orc warlord
 30705 | Orc:2    | Killed an orc warlord
 31655 | Spider:1 | Entered Level 1 of the Spider Nest
 31666 | Spider:1 | Noticed Aizul
 31678 | Spider:1 | Killed Aizul
 31679 | Spider:1 | HP: 32/138 [poisoned by Aizul (poison arrow)]
 31684 | Lair:4   | HP: 18/138 [poisoned by Aizul (poison arrow)]
 31689 | Lair:4   | HP: 15/138 [poisoned by Aizul (poison arrow)]
 32109 | Spider:1 | HP: 10/138 [disintegration (30)]
 32907 | Spider:1 | Reached skill level 7 in Evocations
 32940 | Spider:1 | You pick up a book of Power and begin reading...
 32940 | Spider:1 | You add the spells Iskenderun's Battlesphere, Iron Shot and
                  | Spellforged Servitor to your library.
 33121 | Spider:1 | Reached skill level 12 in Invocations
 33297 | Spider:1 | Noticed Asterion
 33653 | Spider:1 | Killed Asterion
 33654 | Spider:1 | Reached XP level 16. HP: 90/146 MP: 17/25
 33657 | Spider:1 | Identified a +4 sacred scourge of holy wrath (a +2 demon
                  | whip of pain blessed by the Shining One)
 33657 | Spider:1 | Received a gift from the Shining One
 33886 | Spider:2 | Noticed Arachne
 33904 | Spider:1 | HP: 36/146 [Arachne/poison arrow (26)]
 33905 | Spider:1 | Killed Arachne
 33909 | Spider:1 | HP: 19/146 [poisoned by Arachne]
 33914 | Spider:1 | HP: 15/146 [poisoned by Arachne]
 34425 | Spider:2 | Paralysed by a jorogumo for 1 turns
 34441 | Spider:2 | HP: 35/146 [steelbarb worm (10)]
 34442 | Spider:2 | HP: 10/146 [emperor scorpion simulacrum (16)]
 34442 | Spider:2 | Mangled by an emperor scorpion simulacrum

Vanquished Creatures
  Arachne (Spider:1)
  Aizul (Spider:1)
  Louise (D:15)
  2 orc warlords (Orc:2)
  A broodmother (Spider:1)
  Nessos (Orc:2)
  2 entropy weavers (Spider:1)
  Snorg (Orc:2)
  8 hydras
  An ice dragon (Lair:3)
  8 vault guards (D:14)
  A great orb of eyes (D:15)
  A rakshasa (D:15)
  2 boulder beetles
  An ogre mage (D:11)
  3 centaur warriors
  Erica (D:9)
  5 two-headed ogres
  A death scarab (Spider:1)
  A tengu warrior (D:15)
  A death knight (D:15)
  5 death yaks
  An orc high priest (Orc:2)
  Sonja (Lair:5)
  Nergalle (D:11)
  2 pharaoh ants
  3 goliath frogs (Lair:6)
  2 skeletal warriors (Volcano)
  2 steelbarb worms (Spider:1)
  4 orc knights
  2 bog bodies (Lair:4)
  A wizard (D:15)
  3 orb spiders (Spider:1)
  An anaconda skeleton (Volcano)
  3 wolf spiders
  3 manticores
  5 ugly things
  A manticore (shapeshifter) (D:15)
  3 cyclopes
  6 orc sorcerers
  4 elephants (Lair:6)
  A moth of wrath (Spider:1)
  4 black mambas
  A torpor snail (Lair:4)
  Joseph (Lair:1)
  7 gargoyles
  20 cane toads
  5 demonic crawlers
  2 unseen horrors
  10 komodo dragons
  2 freezing wraiths
  4 rime drakes
  2 efreet (D:15)
  5 trolls
  2 tyrant leeches (Lair:6)
  3 meliai (D:15)
  3 polar bears
  8 tarantellas
  2 harpy skeletons (Volcano)
  A hornet (Lair:5)
  40 blink frogs
  23 slime creatures
  7 culicivoras
  12 jumping spiders
  3 yaks (D:12)
  A shadow (D:15)
  3 flying skulls (Volcano)
  A jumping spider (shapeshifter) (D:15)
  2 vampires
  6 basilisks
  5 wyverns
  2 alligator skeletons (Volcano)
  4 wraiths
  35 redbacks
  8 vampire mosquitoes
  2 steam dragons
  An acid dragon (D:10)
  4 wargs
  23 water moccasins
  A swamp worm (Lair:4)
  31 orc warriors
  Duvessa (D:4)
  4 black bears
  An ice beast (D:6)
  A necrophage (D:4)
  13 wolves
  8 ogres
  3 centaurs
  4 kobold brigands
  25 bullfrogs
  A scorpion (D:5)
  2 wyvern skeletons
  A water moccasin zombie (D:6)
  A water moccasin skeleton (D:5)
  Dowan (D:4)
  17 wights
  A troll skeleton (Volcano)
  2 spriggan skeletons (Volcano)
  An electric eel (Lair:4)
  3 howler monkeys (D:13)
  3 centaur zombies
  2 hounds
  8 jellies
  16 orc priests
  2 centaur skeletons
  Terence (D:3)
  Jessica (D:3)
  Natasha (thrice) (D:2)
  27 orc wizards
  2 iguanas
  A scorpion zombie (D:5)
  7 hell rats (Lair:5)
  3 naga skeletons (Volcano)
  A howler monkey zombie (D:5)
  12 adders
  13 gnolls
  2 howler monkey skeletons (D:7)
  An adder zombie (D:5)
  A worm (D:2)
  5 dart slugs
  63 orcs
  3 ball pythons
  6 endoplasms
  2 giant cockroaches
  7 goblins
  8 hobgoblins
  19 kobolds
  4 quokkas
  3 bats
  3 frilled lizards (D:1)
  A rat (D:2)
714 creatures vanquished.

Vanquished Creatures (collateral kills)
  Asterion (Spider:1)
  An emperor scorpion (Spider:2)
2 creatures vanquished.

Vanquished Creatures (others)
  An orc wizard (Orc:2)
  A bush (Lair:4)
  43 fungi
  86 plants
131 creatures vanquished.

Grand Total: 847 creatures vanquished

Table legend:
 A = Non-vault XP
 B = Vault XP
 C = Vault XP percentage of total XP
 D = Non-vault monster count
 E = Vault monster count
 F = Vault count percentage of total count
                 A         B        C        D         E       F
            +---------+---------+-------+---------+---------+-------
      Total |   98807 |   64267 |  39.4 |     542 |     174 |  24.3
            +---------+---------+-------+---------+---------+-------
        D:1 |     113 |       0 |   0.0 |      28 |       0 |   0.0
        D:2 |     203 |      37 |  15.4 |      20 |       1 |   4.8
        D:3 |      52 |      75 |  59.1 |       9 |       2 |  18.2
        D:4 |     146 |     201 |  57.9 |      11 |       2 |  15.4
        D:5 |     737 |     173 |  19.0 |      19 |       3 |  13.6
        D:6 |    1295 |       0 |   0.0 |      27 |       0 |   0.0
        D:7 |    1114 |       0 |   0.0 |      31 |       0 |   0.0
        D:8 |     891 |       0 |   0.0 |      17 |       0 |   0.0
        D:9 |     809 |    1123 |  58.1 |      15 |       3 |  16.7
       D:10 |    1314 |      92 |   6.5 |      15 |       1 |   6.2
       D:11 |    2399 |    5208 |  68.5 |      11 |       7 |  38.9
       D:12 |    4375 |     782 |  15.2 |      15 |       2 |  11.8
       D:13 |    2339 |       0 |   0.0 |       7 |       0 |   0.0
       D:14 |    3196 |    7927 |  71.3 |       8 |      10 |  55.6
       D:15 |   10546 |    7116 |  40.3 |      30 |      14 |  31.8
     Lair:1 |    2880 |     407 |  12.4 |      11 |       1 |   8.3
     Lair:2 |    5428 |     292 |   5.1 |      20 |       2 |   9.1
     Lair:3 |    5631 |    1868 |  24.9 |      23 |       3 |  11.5
     Lair:4 |    5822 |    2743 |  32.0 |      25 |      14 |  35.9
     Lair:5 |    5982 |     785 |  11.6 |      29 |       1 |   3.3
     Lair:6 |   11466 |   12737 |  52.6 |      29 |      43 |  59.7
   Spider:1 |   20432 |    5161 |  20.2 |      60 |       3 |   4.8
   Spider:2 |    4025 |    1663 |  29.2 |      13 |       6 |  31.6
      Orc:1 |    3745 |    1327 |  26.2 |      54 |       6 |  10.0
      Orc:2 |    3867 |    8501 |  68.7 |      15 |      29 |  65.9
    Volcano |       0 |    6049 | 100.0 |       0 |      21 | 100.0
            +---------+---------+-------+---------+---------+-------

Illustrated notes

Table legend:
 A = Kills in this place as a percentage of kills in entire the game.
 B = Kills by you in this place as a percentage of kills by you in the entire game.
 C = Kills by friends in this place as a percentage of kills by friends in the entire game.
 D = Other kills in this place as a percentage of other kills in the entire game.
 E = Experience gained in this place as a percentage of experience gained in the entire game.
 F = Experience gained in this place divided by the number of levels of this place that you have seen.
                   A       B       C       D       E      F
               +-------+-------+-------+-------+-------+----------------------
         Total | 100.0 | 100.0 | 100.0 |   N/A | 100.0 | 6039.8
       Dungeon |  43.0 |  43.1 |   0.0 |   N/A |  32.0 | 3484.2
          Lair |  28.1 |  28.2 |   0.0 |   N/A |  34.4 | 9340.2
   Spider Nest |  11.5 |  11.2 | 100.0 |   N/A |  19.2 | 15640.5
  Orcish Mines |  14.5 |  14.6 |   0.0 |   N/A |  10.7 | 8720.0
       Volcano |   2.9 |   2.9 |   0.0 |   N/A |   3.7 | 6049.0
               +-------+-------+-------+-------+-------+----------------------

Table legend: (Time is in decaauts)
 A = Elapsed time spent in this place.
 B = Non-inter-level travel time spent in this place.
 C = Inter-level travel time spent in this place.
 D = Time resting spent in this place.
 E = Time spent auto-exploring this place.
 F = Levels seen in this place.
 G = Mean time per level.
                   A        B        C        D        E       F      G
               +--------+--------+--------+--------+--------+-----+--------+
         Total |  34340 |  32624 |   1716 |   8028 |  19312 |  27 | 1271.9 |
       Dungeon |  17994 |  16952 |   1042 |   3435 |  11029 |  15 | 1199.6 |
        Temple |    194 |    119 |     75 |      0 |    105 |   1 |  194.0 |
          Lair |   9923 |   9483 |    440 |   2204 |   5830 |   6 | 1653.8 |
   Spider Nest |   2009 |   1995 |     14 |    872 |    594 |   2 | 1004.5 |
  Orcish Mines |   3293 |   3149 |    144 |   1347 |   1328 |   2 | 1646.5 |
       Volcano |    925 |    925 |      0 |    169 |    425 |   1 |  925.0 |
               +--------+--------+--------+--------+--------+-----+--------+

Top non-repeatable levels by time:
  Lair:4: 2360 daAuts
     D:1: 2230 daAuts
  Lair:6: 2038 daAuts
     D:5: 1869 daAuts
Spider:1: 1859 daAuts
    D:15: 1824 daAuts
   Orc:1: 1774 daAuts
  Lair:3: 1609 daAuts
   Orc:2: 1518 daAuts
     D:6: 1504 daAuts
  Lair:1: 1428 daAuts
  Lair:2: 1385 daAuts
    D:14: 1369 daAuts
  Lair:5: 1101 daAuts
     D:8: 1097 daAuts
